[ AOE2 MATCH · #506575806 ]
UnrankedVietnamese vs Spanish
Player's team · LOSS
Rival team · WIN
[ REPLAY ANALYSIS · EXTRACTED FROM THE RECORDED GAME ]
Feudal
10:58
Castle
15:31
Imperial
35:27
| APM avg | 43.7 |
| APM peak | 76 |
| eAPM avg | 17.9 |
| Villagers / military | 68 / 28 |
Focus
⚔️ 41.1% · 🌾 58.9%
Rattan Archer ×20 · Monk ×3 · Mangonel ×3 · Battering Ram ×1 · Trebuchet (Packed) ×1
Feudal
9:16
Castle
23:18
Imperial
—
| APM avg | 87.4 |
| APM peak | 141 |
| eAPM avg | 30.1 |
| Villagers / military | 157 / 77 |
Focus
⚔️ 30.7% · 🌾 69.3%
Knight ×41 · Archer ×16 · Battering Ram ×11 · Mangonel ×8 · Monk ×1
Match map
Initial resources + every placement click. Lines = walls · curves = elevation contours. ◆ gold · ⬟ stone · ● berries · ✦ relic · ◌ wall gap
Your base· ✓ Closed at 15:31 · 24t walls · 2 gate(s)
KARA___'s base· ✓ Closed at 23:18 · 1t walls · 2 gate(s)
Smoothed initial terrain · ◌ = detected wall gap · hover for details
Inputs per minute
— NachoMontes - - KARA___
Build order — NachoMontes
First 150 of 173 actions detected
| 0:01 | Create | Villager (Male) |
| 0:02 | Build | House |
| 0:04 | Build | House |
| 0:04 | Create | Villager (Male) |
| 0:06 | Create | Villager (Male) |
| 0:08 | Create | Villager (Male) |
| 1:24 | Create | Villager (Male) |
| 1:47 | Build | Lumber Camp |
| 2:00 | Create | Villager (Male) |
| 2:25 | Create | Villager (Male) |
| 2:58 | Create | Villager (Male) |
| 2:58 | Create | Villager (Male) |
| 3:34 | Build | House |
| 3:41 | Create | Villager (Male) |
| 3:50 | Build | House |
| 3:58 | Create | Villager (Male) |
| 4:01 | Create | Villager (Male) |
| 4:04 | Build | House |
| 4:30 | Create | Villager (Male) |
| 4:39 | Create | Villager (Male) |
| 4:51 | Build | Mill |
| 5:25 | Create | Villager (Male) |
| 5:49 | Create | Villager (Male) |
| 6:25 | Create | Villager (Male) |
| 6:32 | Create | Villager (Male) |
| 6:53 | Create | Villager (Male) |
| 7:17 | Create | Villager (Male) |
| 7:44 | Build | Farm |
| 8:10 | Create | Villager (Male) |
| 8:14 | Build | Farm |
| 8:33 | Build | Mining Camp |
| 8:35 | Research | Feudal Age |
| 8:54 | Create | Villager (Male) |
| 8:54 | Create | Villager (Male) |
| 9:40 | Build | Palisade Wall |
| 9:45 | Build | Palisade Wall |
| 10:52 | Build | House |
| 10:58 | Age | Feudal Age |
| 11:00 | Build | Market |
| 11:02 | Build | Blacksmith |
| 11:29 | Build | House |
| 11:45 | Research | Double-Bit Axe |
| 11:54 | Create | Villager (Male) |
| 11:55 | Create | Villager (Male) |
| 12:17 | Build | Palisade Wall |
| 12:18 | Create | Villager (Male) |
| 12:23 | Create | Villager (Male) |
| 12:33 | Build | House |
| 12:33 | Create | Villager (Male) |
| 12:51 | Research | Castle Age |
| 12:52 | Research | Castle Age |
| 13:15 | Build | Palisade Wall |
| 13:17 | Build | Palisade Wall |
| 13:25 | Research | Loom |
| 13:33 | Build | Mining Camp |
| 13:35 | Build | Farm |
| 13:35 | Create | Villager (Male) |
| 13:39 | Build | House |
| 13:49 | Build | Farm |
| 14:27 | Create | Villager (Male) |
| 15:24 | Build | House |
| 15:28 | Build | House |
| 15:29 | Build | House |
| 15:31 | Age | Castle Age |
| 15:34 | Build | House |
| 15:53 | Create | Villager (Male) |
| 16:09 | Build | Farm |
| 16:12 | Build | Farm |
| 16:13 | Create | Villager (Male) |
| 16:38 | Create | Villager (Male) |
| 16:52 | Build | Farm |
| 16:54 | Create | Villager (Male) |
| 17:11 | Build | Castle |
| 17:20 | Build | Farm |
| 17:23 | Build | Farm |
| 17:30 | Create | Villager (Male) |
| 17:52 | Create | Villager (Male) |
| 18:12 | Create | Rattan Archer |
| 18:12 | Create | Rattan Archer |
| 18:16 | Build | Farm |
| 18:29 | Build | House |
| 18:40 | Create | Villager (Male) |
| 20:03 | Create | Rattan Archer |
| 20:08 | Create | Villager (Male) |
| 20:24 | Create | Villager (Male) |
| 20:27 | Build | Palisade Wall |
| 20:38 | Build | Lumber Camp |
| 20:38 | Create | Villager (Male) |
| 20:59 | Create | Villager (Male) |
| 21:14 | Create | Villager (Male) |
| 21:35 | Create | Villager (Male) |
| 21:36 | Build | Farm |
| 21:41 | Create | Rattan Archer |
| 21:55 | Create | Villager (Male) |
| 22:16 | Create | Villager (Male) |
| 22:23 | Build | Siege Workshop |
| 22:30 | Build | Farm |
| 22:32 | Build | Palisade Wall |
| 22:32 | Create | Villager (Male) |
| 22:38 | Create | Rattan Archer |
| 22:55 | Build | Farm |
| 22:56 | Create | Villager (Male) |
| 23:01 | Create | Rattan Archer |
| 23:43 | Create | Mangonel |
| 23:44 | Research | Fletching |
| 23:53 | Create | Villager (Male) |
| 23:57 | Build | Farm |
| 24:13 | Create | Villager (Male) |
| 24:23 | Build | Lumber Camp |
| 24:25 | Create | Villager (Male) |
| 24:45 | Create | Villager (Male) |
| 24:51 | Build | Mill |
| 24:52 | Build | Farm |
| 24:52 | Create | Villager (Male) |
| 25:01 | Build | Farm |
| 25:24 | Create | Villager (Male) |
| 25:53 | Build | Farm |
| 26:09 | Build | Farm |
| 26:21 | Create | Villager (Male) |
| 26:24 | Research | Bodkin Arrow |
| 26:50 | Create | Rattan Archer |
| 26:51 | Create | Villager (Male) |
| 26:57 | Create | Battering Ram |
| 27:00 | Create | Villager (Male) |
| 28:16 | Create | Mangonel |
| 28:48 | Create | Villager (Male) |
| 29:04 | Build | Farm |
| 30:13 | Create | Villager (Male) |
| 30:20 | Create | Villager (Male) |
| 30:21 | Create | Rattan Archer |
| 30:24 | Create | Villager (Male) |
| 31:37 | Create | Rattan Archer |
| 31:50 | Create | Rattan Archer |
| 32:17 | Research | Imperial Age |
| 32:22 | Create | Rattan Archer |
| 32:28 | Build | Mining Camp |
| 32:32 | Create | Rattan Archer |
| 33:03 | Create | Villager (Male) |
| 33:16 | Create | Villager (Male) |
| 33:23 | Create | Rattan Archer |
| 33:24 | Create | Rattan Archer |
| 33:52 | Build | Monastery |
| 33:57 | Create | Villager (Male) |
| 34:35 | Create | Rattan Archer |
| 34:45 | Create | Monk |
| 34:50 | Build | House |
| 34:54 | Build | House |
| 34:57 | Build | House |
| 34:59 | Build | House |
| 35:27 | Age | Imperial Age |
Build order — KARA___
First 150 of 424 actions detected
| 0:01 | Create | Villager (Male) |
| 0:01 | Create | Villager (Male) |
| 0:02 | Build | House |
| 0:02 | Build | House |
| 0:06 | Create | Villager (Male) |
| 0:14 | Create | Villager (Male) |
| 1:19 | Create | Villager (Male) |
| 1:48 | Build | Lumber Camp |
| 1:54 | Create | Villager (Male) |
| 1:55 | Create | Villager (Male) |
| 2:16 | Create | Villager (Male) |
| 2:16 | Create | Villager (Male) |
| 2:16 | Create | Villager (Male) |
| 2:48 | Create | Villager (Male) |
| 2:48 | Create | Villager (Male) |
| 3:11 | Create | Villager (Male) |
| 3:11 | Create | Villager (Male) |
| 3:11 | Create | Villager (Male) |
| 3:22 | Create | Villager (Male) |
| 3:23 | Create | Villager (Male) |
| 3:23 | Create | Villager (Male) |
| 3:54 | Build | House |
| 3:58 | Create | Villager (Male) |
| 4:21 | Create | Villager (Male) |
| 4:46 | Create | Villager (Male) |
| 4:46 | Create | Villager (Male) |
| 5:22 | Create | Villager (Male) |
| 5:29 | Build | House |
| 5:31 | Build | Mining Camp |
| 5:48 | Create | Villager (Male) |
| 6:11 | Create | Villager (Male) |
| 6:39 | Create | Villager (Male) |
| 7:03 | Research | Feudal Age |
| 7:03 | Research | Feudal Age |
| 8:25 | Build | Barracks |
| 8:28 | Research | Loom |
| 8:59 | Create | Villager (Male) |
| 9:16 | Age | Feudal Age |
| 9:18 | Build | Watch Tower |
| 9:19 | Build | Archery Range |
| 9:22 | Research | Double-Bit Axe |
| 9:22 | Research | Double-Bit Axe |
| 9:30 | Build | Blacksmith |
| 9:46 | Create | Villager (Male) |
| 10:02 | Create | Archer |
| 10:06 | Research | Fletching |
| 10:06 | Research | Fletching |
| 10:20 | Build | House |
| 10:24 | Create | Villager (Male) |
| 10:26 | Build | Mill |
| 10:31 | Create | Archer |
| 10:49 | Create | Villager (Male) |
| 10:58 | Build | Mining Camp |
| 11:04 | Create | Villager (Male) |
| 11:05 | Build | House |
| 11:09 | Create | Archer |
| 11:10 | Create | Archer |
| 11:10 | Create | Archer |
| 11:27 | Build | House |
| 11:32 | Create | Archer |
| 11:39 | Create | Villager (Male) |
| 12:07 | Create | Archer |
| 12:07 | Create | Villager (Male) |
| 12:25 | Create | Archer |
| 12:25 | Create | Villager (Male) |
| 12:38 | Build | House |
| 12:42 | Build | Farm |
| 13:08 | Build | Watch Tower |
| 13:21 | Create | Villager (Male) |
| 13:22 | Create | Villager (Male) |
| 13:23 | Build | Farm |
| 13:25 | Build | Farm |
| 13:31 | Create | Archer |
| 13:55 | Create | Archer |
| 14:11 | Create | Villager (Male) |
| 14:13 | Build | Farm |
| 14:18 | Build | Watch Tower |
| 14:29 | Create | Villager (Male) |
| 14:31 | Build | Farm |
| 14:32 | Build | Farm |
| 14:52 | Create | Villager (Male) |
| 14:54 | Create | Archer |
| 14:55 | Build | Farm |
| 15:02 | Build | House |
| 15:02 | Build | Stone Wall |
| 15:09 | Build | Farm |
| 15:11 | Research | Horse Collar |
| 15:11 | Research | Horse Collar |
| 15:16 | Build | Farm |
| 15:20 | Create | Villager (Male) |
| 15:35 | Create | Villager (Male) |
| 15:52 | Create | Archer |
| 16:02 | Create | Archer |
| 16:03 | Create | Villager (Male) |
| 16:08 | Build | Watch Tower |
| 16:26 | Research | Town Watch |
| 16:42 | Build | Stable |
| 16:45 | Create | Archer |
| 16:50 | Research | Wheelbarrow |
| 16:51 | Research | Wheelbarrow |
| 17:12 | Create | Villager (Male) |
| 17:16 | Build | Farm |
| 17:38 | Build | House |
| 17:44 | Build | Watch Tower |
| 18:03 | Create | Archer |
| 18:14 | Build | Lumber Camp |
| 18:38 | Research | Padded Archer Armor |
| 18:38 | Research | Padded Archer Armor |
| 18:39 | Create | Villager (Male) |
| 18:41 | Create | Archer |
| 19:01 | Create | Villager (Male) |
| 19:18 | Build | Market |
| 19:32 | Create | Villager (Male) |
| 19:57 | Build | Watch Tower |
| 20:05 | Create | Villager (Male) |
| 20:06 | Build | Farm |
| 20:07 | Build | Farm |
| 20:09 | Build | Farm |
| 20:09 | Build | Farm |
| 20:24 | Build | House |
| 20:38 | Research | Castle Age |
| 20:38 | Research | Castle Age |
| 20:38 | Research | Castle Age |
| 21:02 | Build | House |
| 22:26 | Build | Watch Tower |
| 22:47 | Create | Villager (Male) |
| 23:11 | Build | Watch Tower |
| 23:18 | Age | Castle Age |
| 23:20 | Build | University |
| 23:22 | Research | Bodkin Arrow |
| 23:22 | Research | Bodkin Arrow |
| 23:30 | Create | Villager (Male) |
| 23:33 | Research | Bow Saw |
| 23:33 | Research | Bow Saw |
| 23:38 | Research | Gold Mining |
| 23:46 | Build | Siege Workshop |
| 23:47 | Research | Guard Tower (upgrade) |
| 23:48 | Research | Guard Tower (upgrade) |
| 23:54 | Create | Villager (Male) |
| 24:14 | Research | Ballistics |
| 24:14 | Research | Ballistics |
| 24:16 | Create | Villager (Male) |
| 24:23 | Create | Mangonel |
| 24:23 | Create | Mangonel |
| 24:24 | Create | Mangonel |
| 24:33 | Build | House |
| 24:38 | Create | Villager (Male) |
| 24:49 | Create | Villager (Male) |
| 25:21 | Build | Mining Camp |
| 25:22 | Create | Mangonel |
Match timeline
| 8:25 | KARA___ · first_building Barracks |
| 9:16 | KARA___ · age_up feudal |
| 9:19 | KARA___ · first_building Archery Range |
| 9:40 | NachoMontes · wall_segment Palisade Wall x5 |
| 9:45 | NachoMontes · wall_segment Palisade Wall x12 |
| 10:58 | NachoMontes · age_up feudal |
| 12:17 | NachoMontes · wall_segment Palisade Wall x6 |
| 13:15 | NachoMontes · wall_segment Palisade Wall x1 |
| 13:17 | NachoMontes · wall_segment Palisade Wall x1 |
| 15:02 | KARA___ · wall_segment Stone Wall x1 |
| 15:31 | NachoMontes · age_up castle |
| 16:20 | NachoMontes · first_market_buy 100 stone |
| 16:42 | KARA___ · first_building Stable |
| 17:11 | NachoMontes · first_building Castle |
| 20:26 | KARA___ · first_market_buy 100 food |
| 20:27 | NachoMontes · wall_segment Palisade Wall x5 |
| 20:31 | KARA___ · first_market_sell 100 stone |
| 22:23 | NachoMontes · first_building Siege Workshop |
| 22:32 | NachoMontes · wall_segment Palisade Wall x1 |
| 23:18 | KARA___ · age_up castle |
| 23:46 | KARA___ · first_building Siege Workshop |
| 25:56 | NachoMontes · first_market_sell 500 wood |
| 33:52 | NachoMontes · first_building Monastery |
| 35:27 | NachoMontes · age_up imperial |
| 38:14 | KARA___ · first_building Monastery |
| 40:47 | KARA___ · first_building Castle |
| 41:49 | NachoMontes · resign |
[ AI ANALYSIS · 1 CREDIT ]
What really happened in this match?
Wolo.gg analyzes every decision: build order, eco, micro, common mistakes by bracket. Personalized analysis on WhatsApp or Discord in 30 seconds.
Civ guide
Vietnamese
Perfil
Jugador #2768283